 Dungeon Crawl Stone Soup version 0.29-a0-509-g793eeb5391 (webtiles) character file.

Game seed: 14560204179040699925

5586 Bruhh the Grappler (level 10, -2/106 HPs)
             Began as an Ogre Transmuter on May 29, 2022.
             Was an Initiate of Gozag.
             Slain by a yak (13 damage)
             ... on level 9 of the Dungeon.
             The game lasted 00:14:36 (13127 turns).

Bruhh the Grappler (Ogre Transmuter)               Turns: 13127, Time: 00:14:37

Health: -2/106     AC:  6    Str: 15 (16) XL:     10   Next: 72%
Magic:  23/23      EV:  9    Int: 29 (30) God:    Gozag
Gold:   992        SH:  0    Dex:  6 (9)  Spells: 14/27 levels left

rFire   . . .      SeeInvis .     - Unarmed
rCold   . . .      Faith    .   (no shield)
rNeg    . . .      Spirit   .   a - +0 robe
rPois   .          Reflect  .   (helmet restricted)
rElec   .          Harm     .   d - +2 cloak
rCorr   .          Rampage  .   (gloves unavailable)
Will    +....                   (boots unavailable)
Stlth   +.........              (no amulet)
HPRegen 0.27/turn               c - +6 ring of intelligence
MPRegen 0.18/turn               y - +6 ring of intelligence

@: about to teleport
A: large, unfitting armour, tough skin 1
a: Renounce Religion, Potion Petition, Call Merchant, Bribe Branch


You were on level 9 of the Dungeon.
You worshipped Gozag.
Gozag was pleased with you.
You visited 2 branches of the dungeon, and saw 10 of its levels.

You collected 1039 gold pieces.
You paid 47 gold pieces to Gozag.

Inventory:

Missiles
 u - a throwing net
Armour
 a - a +0 robe (worn)
 d - a +2 cloak (worn)
Jewellery
 c - a +6 ring of intelligence (left hand)
 m - a ring of protection from cold
 r - a ring of positive energy
 s - a ring of willpower
 y - a +6 ring of intelligence (right hand)
 z - a ring of willpower
 F - a ring of see invisible
Wands
 l - a wand of iceblast (6)
 v - a wand of charming (12)
 A - a wand of flame (21)
 B - a wand of digging (6)
 G - a wand of mindburst (5)
Scrolls
 e - 3 scrolls of blinking
 f - 4 scrolls of amnesia
 h - a scroll of vulnerability
 j - 2 scrolls of poison
 n - 2 scrolls of noise
 q - a scroll of immolation {unknown}
 t - a scroll of enchant weapon {unknown}
 E - a scroll of enchant armour {unknown}
 H - a scroll of acquirement {unknown}
Potions
 b - a potion of mutation
 g - 2 potions of berserk rage
 i - a potion of haste {unknown}
 o - 2 potions of lignification
 w - a potion of resistance
 C - 4 potions of attraction
 D - a potion of invisibility {unknown}


   Skills:
 + Level 8.5 Fighting
 - Level 1.7 Dodging
 + Level 9.8 Unarmed Combat
 - Level 9.0 Spellcasting
 - Level 6.0 Transmutations


You had 14 spell levels left.
You knew the following spells:

 Your Spells              Type           Power      Damage    Failure   Level
a - Beastly Appendage     Tmut           94%        N/A       1%          1
b - Spider Form           Tmut/Pois      30%        N/A       3%          3
c - Ice Form              Ice/Tmut       30%        N/A       12%         4
d - Confusing Touch       Hex            13%        N/A       12%         3
e - Blink                 Tloc           26%        N/A       6%          2

Your spell library contained the following spells:

 Spells                   Type           Power      Damage    Failure   Level
 Wereblood                Tmut           47%        N/A       1%          2
 Slow                     Hex            52%        N/A       4%          1
 Lesser Beckoning         Tloc           13%        N/A       12%         3
 Vampiric Draining        Necr           13%        2d6       12%         3
 Manifold Assault         Tloc           13%        N/A       75%         5


Dungeon Overview and Level Annotations

Branches:
Dungeon (9/15)             Temple (1/1) D:5
   Lair: D:8-11         Orc: D:9-12

Altars:
Cheibriados
Fedhas
Gozag
Kikubaaqudgha
Okawaru
Sif Muna
Trog
Vehumet
Wu Jian
Xom
The Shining One

Shops:
D:1 =   D:4 *


Innate Abilities, Weirdness & Mutations

You are too large for most types of armour.
You have tough skin. (AC +1)


Message History

The troll looks as sick as possible!
You pummel the troll!! You freeze the troll.
You kill the troll!
Your life force feels restored.
Training target 6.0 for Transmutations reached!
Your Transmutations skill increases to level 6!
Unknown command.
You start resting.
Your transformation is almost over.
You start to feel less resistant.
You start resting.
You warm up again.
Your +2 cloak unmelds from your body.
Your +0 robe unmelds from your body.
Your resistance to elements expires.
You start resting.
Magic restored.
You start resting.
You are starting to lose your buoyancy.
You start resting.
You float gracefully downwards.
You start resting.
An orc priest is nearby!
An orc priest is nearby!
An orc priest is nearby!
A yak comes into view.
The yak bellows!
You hear a bellow!
The yak moves out of view.
A yak comes into view.
The orc priest invokes the aid of Beogh against you.
Beogh smites you!
* * * LOW HITPOINT WARNING * * *
As you read the scroll of teleportation, it crumbles to dust.
You feel strangely unstable. The yak attacks as you move away!
The yak gores you but does no damage.
The orc priest mumbles some strange prayers to Beogh against you.
Beogh smites you!
* * * LOW HITPOINT WARNING * * *
The yak attacks as you move away! The yak gores you!
You die...
Your body crumbles into a pile of gold.

.♣ ♣..# #..# #.# .♣
♣.## #..# #.# .♣
♣.####... ).#
.♣♣♣♣♣...##.### #.#
.o♣♣...# #.#
.....#.#.##.# #o#
.#####......# #.#
.# #......#####.#
.# #......Y..Y@.#
## #.......####.#
######.....#.## #.#
..............###.#
................#.#
###.##........#.#.#
# #.##..###..##.#.#
# #.....# #...#.#.#
# #..#..###..##.#.#


You could see 2 yaks and an orc priest.

Vanquished Creatures
  Gastronok (D:8)
  Pikel (D:8)
  A troll (D:9)
  A wyvern (D:8)
  A wraith (D:8)
  Eustachio (D:4)
  2 steam dragons
  Menkaure (D:6)
  An acid dragon (D:9)
  A sky beast (D:6)
  2 black bears
  An orc warrior (D:9)
  2 ogres
  6 centaurs
  A kobold brigand (D:7)
  2 necrophages
  2 bullfrogs
  4 scorpions
  5 wights (D:9)
  6 killer bees (D:8)
  2 howler monkeys
  An orc priest (D:5)
  2 hounds
  2 jellies
  2 gnoll shamans
  3 iguanas
  Ijyb (D:3)
  6 orc wizards
  10 adders
  12 gnolls
  4 white imps
  2 ufetubi (D:6)
  A worm (D:3)
  A dart slug (D:2)
  44 orcs
  3 ball pythons
  A bat (D:1)
  4 endoplasms
  A giant cockroach (D:2)
  5 goblins
  10 hobgoblins
  9 kobolds
  4 quokkas
  2 rats (D:1)
174 creatures vanquished.

Notes
Turn   | Place    | Note
-------+----------+-------------------------------------------
     0 | D:1      | Bruhh the Ogre Transmuter began the quest for the Orb.
     0 | D:1      | Reached XP level 1. HP: 19/19 MP: 3/3
    25 | D:1      | Found Iczeym's Jewellery Shop.
   168 | D:1      | Noticed a shining eye
   170 | D:1      | Found a faded altar of an unknown god.
   176 | D:1      | Noticed an eye of devastation
   176 | D:1      | Noticed a shining eye
   176 | D:1      | Noticed a shining eye
   291 | D:1      | Reached XP level 2. HP: 27/27 MP: 3/5
   820 | D:2      | Reached XP level 3. HP: 13/33 MP: 7/7
  1226 | D:2      | Noticed an ogre
  1237 | D:2      | Learned a level 3 spell: Spider Form
  1249 | D:2      | Killed an ogre
  1250 | D:2      | Reached XP level 4. HP: 14/41 MP: 6/10
  1250 | D:2      | Reached XP level 5. HP: 16/48 MP: 6/11
  2177 | D:3      | Noticed Ijyb
  2828 | D:3      | Reached skill level 5 in Spellcasting
  3466 | D:3      | Killed Ijyb
  3467 | D:3      | Reached XP level 6. HP: 39/55 MP: 10/13
  4103 | D:3      | Noticed a black bear
  4111 | D:3      | Killed a black bear
  4112 | D:3      | Reached skill level 5 in Unarmed Combat
  4584 | D:4      | Reached XP level 7. HP: 36/62 MP: 10/14
  4840 | D:4      | Noticed Eustachio
  4864 | D:4      | Killed Eustachio
  5217 | D:4      | Found Piseak's Fire Supplies.
  5630 | D:5      | Entered Level 5 of the Dungeon
  6084 | D:5      | Reached XP level 8. HP: 68/70 MP: 13/17
  6214 | D:5      | Found a staircase to the Ecumenical Temple.
  6224 | Temple   | Entered the Ecumenical Temple
  6481 | Temple   | Became a worshipper of Gozag Ym Sagoz the Greedy
  6921 | D:6      | Noticed Menkaure
  7657 | D:6      | Killed Menkaure
  8518 | D:6      | Reached XP level 9. HP: 33/76 MP: 21/21
  8550 | D:6      | Learned a level 4 spell: Ice Form
 10526 | D:8      | Noticed Gastronok
 10615 | D:8      | Killed Gastronok
 10616 | D:8      | Reached XP level 10. HP: 25/98 MP: 20/23
 11096 | D:8      | Noticed Pikel
 11106 | D:8      | Killed Pikel
 11107 | D:8      | Reached skill level 5 in Transmutations
 12682 | D:9      | Learned a level 3 spell: Confusing Touch
 12685 | D:9      | Learned a level 2 spell: Blink
 12995 | D:9      | HP: 2/120 [troll (5)]
 13127 | D:9      | Slain by a yak

Illustrated notes

Levels and vault maps discovered:
D:1:      mrwooster_arrival_statue_3, layout_loops_ring,
          hellmonk_ecumenical_altar_watching_god, serial_shops, shop_statue
D:2:      layout_loops_ring
D:3:      layout_rooms, uniq_ijyb
D:4:      layout_loops_ring, nicolae_shop_fire_sale [nicolae_sub_dead_trees],
          chequers_serial_rivers_micro_e, chequers_garden,
          kennysheep_generic_room_3, uniq_eustachio
D:5:      layout_cave_pools, minmay_temple_entry_stoned_glass
D:6:      layout_loops_ring, kennysheep_generic_room_9, uniq_menkaure
D:7:      wander_river, layout_cave_pools, minmay_misc_feat_room
D:8:      layout_layer_cave, uniq_pikel, uniq_gastronok
D:9:      layout_loops_ring, nrook_campfire
Temple:   mainiacjoe_temple_trianglar_array

Skill      XL: |  1  2  3  4  5  6  7  8  9 10 |
---------------+-------------------------------+-----
Transmutations | 2 3 4 6 |  6.0
Spellcasting   | 3 4 5 6 8 9 |  9.0
Unarmed Combat | 3 4 5 6 7 9 |  9.8
Fighting       | 6 8 |  8.5
Dodging        | |  1.7

Action                   |  1- 3 |  4- 6 |  7- 9 | 10-12 || total
-------------------------+-------+-------+-------+-------++-------
Melee: Unarmed           |    57 |   159 |   229 |   112 ||   557
       Kick              |     9 |       |       |       ||     9
       Headbutt          |     3 |       |       |       ||     3
       Punch             |     1 |     1 |     3 |     3 ||     8
 Cast: Beastly Appendage |     9 |       |       |       ||     9
       Spider Form       |     1 |    30 |    35 |     6 ||    72
       Ice Form          |       |       |     1 |    10 ||    11
       Confusing Touch   |       |       |       |     1 ||     1
 Abil: End Transformatio |       |       |       |     1 ||     1
  Use: Potion            |     1 |       |     4 |     4 ||     9
       Scroll            |     4 |       |     1 |    14 ||    19
 Stab: Distracted        |       |       |     1 |       ||     1
Armor: Robe              |    12 |    16 |    27 |     5 ||    60
       Skin              |     7 |     4 |    13 |    25 ||    49
Dodge: Dodged            |    27 |   110 |   178 |    64 ||   379

Table legend: (Time is in decaauts)
 A = Elapsed time spent in this place.
 B = Non-inter-level travel time spent in this place.
 C = Inter-level travel time spent in this place.
 D = Time resting spent in this place.
 E = Time spent auto-exploring this place.
 F = Levels seen in this place.
 G = Mean time per level.
                   A        B        C        D        E       F      G
               +--------+--------+--------+--------+--------+-----+--------+
         Total |  13106 |  12810 |    296 |   1691 |   9478 |  10 | 1310.6 |
       Dungeon |  12819 |  12568 |    251 |   1691 |   9240 |   9 | 1424.3 |
        Temple |    286 |    241 |     45 |      0 |    238 |   1 |  286.0 |
               +--------+--------+--------+--------+--------+-----+--------+

Top non-repeatable levels by time:
     D:2: 1910 daAuts
     D:6: 1781 daAuts
     D:5: 1717 daAuts
     D:3: 1656 daAuts
     D:8: 1368 daAuts
     D:9: 1365 daAuts
     D:4: 1314 daAuts
     D:7: 975 daAuts
     D:1: 729 daAuts
  Temple: 286 daAuts
